 Dungeon Crawl Stone Soup version 0.28-a0-312-gbced6e68ee (webtiles) character file.

Game seed: 6477039947040016681

251862 Spaninq the Warrior (level 18, -1/173 HPs)
             Began as a Red Draconian Gladiator on Aug 30, 2021.
             Was a Priest of Ashenzari.
             Slain by a purple ugly thing (4 damage)
             ... led by a wizard
             ... on level 1 of the Vaults.
             The game lasted 03:08:25 (32580 turns).

Spaninq the Warrior (Red Draconian Gladiator)      Turns: 32580, Time: 03:08:27

Health: -1/173     AC: 20    Str: 25    XL:     18   Next: 95%
Magic:  18/18      EV: 20    Int:  8    God:    Ashenzari [***...]
Gold:   2204       SH:  0    Dex: 15    Spells: 17/17 levels left

rFire   + . .      SeeInvis +   s - +7 lajatang (drain)
rCold   . . .      Faith    .   (shield currently unavailable)
rNeg    + . .      Spirit   .   (armour unavailable)
rPois   +          Reflect  .   b - +2 hat "Ensconced Disgust" {Range, Melee} (curse)
rElec   .          Harm     .   n - +3 cloak "Visionary Inconvenience" {rPois Dex+4, Self, Bglg} (curse)
rCorr   .          Rampage  .   v - +2 pair of gloves of Toth-Mos's Legacy {Self, Range} (curse)
Will    +....      Clarity  +   q - +0 pair of boots "Sorrow of Ashenzari" {Melee, Cun} (curse)
Stlth   ++++++....              M - amulet "Juppen" {Fly rN+ Regen+}
HPRegen 1.38/turn               p - ring of Ashenzari's Mistrust {Slay+4, Range, Evo} (curse)
MPRegen 0.16/turn               t - +4 ring of slaying

@: about to teleport, flying, studying Stealth
A: breathe fire, AC +10, unfitting armour, fire resistance 1, cold-blooded,
clumsy 1, sense surroundings 1
}: 2/15 runes: decaying, serpentine
a: Breathe Fire, Renounce Religion, Curse Item, Shatter the Chains


You were on level 1 of the Vaults.
You worshipped Ashenzari.
Ashenzari was most pleased with you.
You visited 7 branches of the dungeon, and saw 32 of its levels.
You visited the Abyss 3 times.
You also visited: Sewer and Volcano.

You collected 5050 gold pieces.
You spent 2846 gold pieces at shops.

Inventory:

Hand Weapons
 a - a +3 quarterstaff of flaming
 r - the +12 arbalest "Unnir" {elec, +Blink rC++ Dex-3}
   (You acquired it on level 4 of the Dungeon)

   Any ammunition fired from it occasionally discharges a powerful burst of
   electricity upon striking a foe.
   Dex:       It affects your dexterity (-3).
   rC:        It greatly protects you from cold.
   +Blink:    It lets you blink.
 s - a +7 lajatang of draining (weapon)
 Q - a +3 halberd of flaming
Missiles
 c - 9 throwing nets
 I - 210 bolts
Armour
 b - the cursed +2 hat "Ensconced Disgust" (worn) {Range, Melee}

   It has a curse which improves the following skills: Ranged Combat: Slings,
   Bows, Crossbows and Throwing.
   Melee Combat: Short Blades, Long Blades, Axes, Maces & Flails, Polearms,
   Staves and Unarmed Combat.
 n - the cursed +3 cloak "Visionary Inconvenience" (worn) {rPois Dex+4, Self, Bglg}
   (You acquired it on level 10 of the Dungeon)

   Dex:       It affects your dexterity (+4).
   rPois:     It protects you from poison.
   It has a curse which improves the following skills: Introspection: Fighting
   and Spellcasting.
   Beguiling: Conjurations, Hexes and Translocations.
 q - the cursed +0 pair of boots "Sorrow of Ashenzari" (worn) {Melee, Cun}
   (You found it on level 3 of the Dungeon)

   It has a curse which improves the following skills: Melee Combat: Short
   Blades, Long Blades, Axes, Maces & Flails, Polearms, Staves and Unarmed
   Combat.
   Cunning:   Dodging and Stealth.
 v - the cursed +2 pair of gloves of Toth-Mos's Legacy (worn) {Self, Range}
   (You found it on level 7 of the Dungeon)

   It has a curse which improves the following skills: Introspection: Fighting
   and Spellcasting.
   Ranged Combat: Slings, Bows, Crossbows and Throwing.
 R - a +2 pair of boots
 X - a +2 hat of intelligence
 Z - a scarf of resistance
Jewellery
 f - the ring of the Priest {rC+ rCorr EV+4}
   (You bought it in a shop on level 2 of the Snake Pit)

   [ring of evasion]

   EV:        It affects your evasion (+4).
   rC:        It protects you from cold.
   rCorr:     It protects you from acid and corrosion.
 g - a ring of ice
 p - the cursed ring of Ashenzari's Mistrust (left hand) {Slay+4, Range, Evo}
   (You found it on level 3 of the Dungeon)

   [ring of slaying]

   Slay:      It affects your accuracy & damage with ranged weapons and melee
   (+4).
   It has a curse which improves the following skills: Ranged Combat: Slings,
   Bows, Crossbows and Throwing.
   Evocations: Evocations.
 t - a +4 ring of slaying (right hand)
 u - a ring of wizardry
 M - the amulet "Juppen" (around neck) {Fly rN+ Regen+}
   (You bought it in a shop on level 2 of the Snake Pit)

   [amulet of regeneration]

   rN:        It protects you from negative energy.
   Fly:       It grants you flight.
   Regen:     It increases your rate of health regeneration.
 P - a ring of flight
 Y - a ring of fire
Wands
 z - a wand of paralysis (18)
 A - a wand of flame (23)
 C - a wand of acid (41)
 D - a wand of mindburst (8)
 E - a wand of digging (19)
 N - a wand of charming (41)
 O - a wand of iceblast (25)
 U - a wand of polymorph (4)
Scrolls
 e - 3 scrolls of brand weapon
 k - 3 scrolls of fear
 o - 5 scrolls of fog
 x - 3 scrolls of blinking
 y - 4 scrolls of holy word
 B - 2 scrolls of enchant armour
 K - a scroll of silence
 S - 4 scrolls of teleportation
 V - 2 scrolls of magic mapping
 W - a scroll of summoning
Potions
 d - a potion of magic
 h - 8 potions of flight
 i - 3 potions of cancellation
 j - 8 potions of heal wounds
 m - 20 potions of curing
 w - 3 potions of ambrosia
 F - 3 potions of haste
 G - 5 potions of might
 H - 3 potions of resistance
 J - 9 potions of mutation
 L - 2 potions of berserk rage
Miscellaneous
 l - a phantom mirror
 T - a box of beasts


   Skills:
 + Level 16.3(18.7) Fighting
 + Level 15.6(18.0) Staves
 + Level 15.7(19.0) Crossbows
 - Level 1.7(4.4) Throwing
 + Level 14.2(15.7) Dodging
 + Level 12.2(13.9) Stealth
 + Level 11.0(12.6) Evocations


You had 17 spell levels left.
You didn't know any spells.
Your spell library contained the following spells:

 Spells                   Type           Power      Damage    Failure   Level
 Foxfire                  Conj/Fire      0%         2x1d4     38%         1
 Sandblast                Erth           0%         2d4       38%         1
 Shock                    Conj/Air       0%         1d3       38%         1
 Sting                    Tmut/Pois      0%         1d3       38%         1
 Blink                    Tloc           N/A        N/A       50%         2
 Slow                     Hex            0%         N/A       52%         2
 Static Discharge         Conj/Air       0%         N/A       52%         2
 Corpse Rot               Necr/Air       N/A        N/A       54%         2
 Passwall                 Tmut/Erth      0%         N/A       54%         2
 Poisonous Vapours        Pois/Air       0%         N/A       54%         2
 Confusing Touch          Hex            0%         N/A       75%         3
 Dazzling Flash           Conj/Hex       0%         N/A       75%         3
 Lesser Beckoning         Tloc           0%         N/A       75%         3
 Portal Projectile        Hex/Tloc       0%         N/A       75%         3
 Call Canine Familiar     Summ           0%         N/A       77%         3
 Conjure Flame            Conj/Fire      0%         6-21      77%         3
 Inner Flame              Hex/Fire       0%         N/A       77%         3
 Stone Arrow              Conj/Erth      0%         3d7       77%         3
 Swiftness                Air            0%         N/A       77%         3
 Vampiric Draining        Necr           0%         2d6       77%         3
 Fulminant Prism          Conj/Hex       0%         3d6       98%         4
 Iskenderun's Mystic Bla  Conj/Tloc      0%         2d3       98%         4
 Airstrike                Air            0%         N/A       99%         4
 Dispel Undead            Necr           0%         3d6       99%         4
 Leda's Liquefaction      Hex/Erth       0%         N/A       99%         4
 Olgreb's Toxic Radiance  Pois           0%         N/A       99%         4
 Sticky Flame             Conj/Fire      0%         2d3       99%         4
 Blade Hands              Tmut           0%         N/A       100%        5
 Bolt of Magma            Conj/Fire/Erth 0%         4d4       100%        5
 Freezing Cloud           Conj/Ice/Air   0%         6-21      100%        5
 Lee's Rapid Deconstruct  Erth           0%         3d5*      100%        5
 Manifold Assault         Tloc           0%         N/A       100%        5
 Death Channel            Necr           0%         N/A       100%        6
 Dispersal                Tloc           0%         N/A       100%        6
 Iron Shot                Conj/Erth      0%         9d1       100%        6
 Statue Form              Tmut/Erth      0%         N/A       100%        6
 Haunt                    Necr/Summ      0%         N/A       100%        7
 Storm Form               Tmut/Air       0%         N/A       100%        7
 Disjunction              Tloc           0%         N/A       100%        8
 Shatter                  Erth           0%         3d5*      100%        9
 Animate Armour           Summ/Erth      Unusable   N/A       N/A         4

Dungeon Overview and Level Annotations

Branches:
Dungeon (14/15)            Temple (1/1) D:4            Lair (6/6) D:9
  Swamp (4/4) Lair:3        Snake (4/4) Lair:4        Slime (0/5) Lair:6
    Orc (2/2) D:10            Elf (0/3) Orc:2        Vaults (1/5) D:14
  Sewer (visited)         Volcano (visited)

Altars:
Ashenzari
Cheibriados
Dithmenos
Elyvilon
Fedhas
Gozag
Hepliaklqana
Kikubaaqudgha
Nemelex Xobeh
Okawaru
Qazlal
Ru
Sif Muna
Trog
Uskayaw
Vehumet
Wu Jian
Xom
Yredelemnul
Zin
The Shining One

Shops:
Orc:2 !?!?!   Snake:1 [   Snake:2 =:=   Snake:4 [   Vaults:1 =

Annotations:
D:10 1 runed translucent door, RandomusNamus's ghost, novice TrBe
Orc:2 3 runed translucent doors, dolemite99's ghost, journeyman DsBe


Innate Abilities, Weirdness & Mutations

You can breathe blasts of fire.
Your fiery red scales are hard. (AC +10)
You cannot fit into any form of body armour.
Your flesh is heat resistant. (rF+)
You are cold-blooded and may be slowed by cold attacks.
You are clumsy. (Dex -2)
You passively map a small area around you.


Message History

The wizard casts a spell.
The wizard flickers and vanishes for a moment.
The vault sentinel gestures at you while chanting.
You barely resist. You slash the vault sentinel! You drain the vault sentinel.
The vault sentinel is moderately wounded.
The vault warden misses you.
The purple ugly thing gores you but does no damage.
You slice the vault sentinel!! You drain the vault sentinel.
You tail-slap the vault sentinel!
You kill the vault sentinel!
You feel sick. The cyan ugly thing misses you.
The vault warden hits you but does no damage.
You are more poisoned.
The purple ugly thing gores you!
You feel very sick.
You feel sick.
You feel sick. The cyan ugly thing engulfs you. The cyan ugly thing shocks you!
You feel sick.
The cyan ugly thing basks in the mutagenic energy from its kin and changes!
You feel better. The ettin completely misses you.
The ettin hits you with a +0 dire flail!!!
The ironbound preserver hits you with a +0 flail!!
* * * LOW HITPOINT WARNING * * *
The ettin misses you. The ettin barely misses you.
Your magical effects are unravelling.
You feel magically purged.
The runic seal fades away.
The sentinel's mark upon you fades away.
The ettin hits you with a +0 dire flail!!
* * * LOW HITPOINT WARNING * * *
The ettin barely misses you.
The ironbound preserver barely misses you.
As you read the scroll of teleportation, it crumbles to dust.
You feel strangely unstable. The ettin misses you.
The ettin hits you with a +0 dire flail!
* * * LOW HITPOINT WARNING * * *
The ironbound preserver hits you with a +0 flail!
* * * LOW HITPOINT WARNING * * *
The purple ugly thing gores you.
You die...

*, * * , , , *.....
....,, * ..., * ...., *
#.#,* ##'#### +* *
####'#######...... ,
#........).#...... ,, ,,
#..........#...p.. , ...
,#..........#.p.... #
.....#@u........+.....) #
*,
.....#pC........#......
##
.....+up........#......
.#
**######p.........#......
.## #..........#......
..# #.)p.......#......
### ###
#..).p.....#...... #
####.####
#..........+...... #
##.#...#.##
#######'#####. ,


You could see an ironbound preserver, a vault warden, 2 ugly things, an ettin, 2
ironbound convokers and a wizard (invisible).

Vanquished Creatures
  Vashnia (Snake:2)
  Nikola (Swamp:2)
  Jorgrun (Snake:2)
  Rupert (Snake:1)
  Mlioglotl (Swamp:4)
  A tentacled monstrosity (Swamp:4)
  Frances (D:13)
  A tentacled starspawn (Abyss:2)
  Kirke (Swamp:2)
  Roxanne (Swamp:4)
  Gastronok (D:10)
  Agnes (Snake:1)
  2 thorn hunters (Swamp:4)
  A fenstrider witch (Swamp:1)
  Donald (Swamp:4)
  2 nagarajas
  A vault warden (Vaults:1)
  Louise (Snake:1)
  Aizul (Snake:2)
  2 ironbound preservers (Vaults:1)
  A dire elephant (Vaults:1)
  6 bunyips
  3 eleionomae
  A quicksilver dragon zombie (Abyss:2)
  A great orb of eyes (Vaults:1)
  28 hydras
  16 naga warriors
  6 salamander tyrants
  Harold (D:7)
  9 anacondas
  A rakshasa (D:13)
  A boulder beetle (Lair:3)
  3 centaur warriors
  6 vault guards
  4 catoblepae
  11 alligators
  6 two-headed ogres
  A dancing weapon (Volcano)
  2 merfolk avatars (Swamp:3)
  An ironbound beastmaster (Vaults:1)
  A spriggan berserker (Swamp:4)
  An orc high priest (Orc:2)
  11 death yaks (Lair:6)
  9 shock serpents
  Nergalle (Lair:4)
  10 naga sharpshooters
  7 spriggans
  A wretched star (Abyss:2)
  8 salamander mystics
  A sixfirhy (Abyss:2)
  4 goliath frogs
  3 sea snakes (Snake:3)
  A death drake (Swamp:4)
  5 spriggan druids
  7 bog bodies
  5 naga ritualists
  8 swamp dragons (Swamp:4)
  2 ironbound convokers (Vaults:1)
  2 necromancers
  A lindwurm (Lair:6)
  5 wizards (Volcano)
  An orb spider (shapeshifter) (D:14)
  2 deep elf pyromancers (D:14)
  3 oklob plants (Lair:3)
  7 mana vipers
  2 ugly things (D:12)
  3 cyclopes
  18 salamanders
  5 orc sorcerers
  2 manticores (Lair:6)
  5 toenail golems (Volcano)
  7 elephants
  4 will-o-the-wisps
  A water nymph (shapeshifter) (D:14)
  5 guardian serpents
  35 black mambas
  11 naga magi
  Joseph (D:8)
  A smoke demon (Abyss:2)
  3 vault sentinels (Vaults:1)
  2 orange demons (Abyss:2)
  10 cane toads
  Maggie (D:9)
  9 komodo dragons
  A hellion (Abyss:2)
  3 rime drakes
  A yaktaur zombie (Vaults:1)
  Psyche (D:10)
  7 kobold demonologists
  3 ancient zymes (Abyss:2)
  4 yaktaurs (Vaults:1)
  4 trolls
  3 bloated husks
  3 polar bears
  10 tyrant leeches
  9 hornets
  4 slime creatures (Vaults:1)
  15 blink frogs
  4 large abominations (Abyss:2)
  4 wraiths
  A starcursed mass (Abyss:2)
  5 shadows
  2 vampires
  A ynoxinul (Abyss:2)
  3 water elementals (D:12)
  4 wyverns
  65 yaks
  4 hogs (Swamp:2)
  8 humans (D:14)
  17 vampire mosquitoes
  Menkaure (D:4)
  2 basilisks
  2 steam dragons (D:8)
  A yak (shapeshifter) (D:13)
  2 neqoxecs (Abyss:2)
  15 swamp worms
  A warg (Orc:2)
  A chaos spawn (Abyss:2)
  30 nagas
  A harpy simulacrum (Abyss:2)
  2 hell hounds (Lair:4)
  7 small abominations (Abyss:2)
  An acid dragon (D:14)
  13 water moccasins
  10 swamp drakes
  2 black bears
  2 human zombies (Vaults:1)
  20 orc warriors
  3 sky beasts
  An ice beast (D:7)
  A necrophage (D:6)
  3 boggarts (D:14)
  21 wolves
  9 centaurs
  5 ogres
  4 phantoms
  13 bullfrogs
  Blork the orc (D:6)
  4 kobold brigands
  2 wyvern zombies
  3 gnoll sergeants
  5 scorpions
  A water moccasin skeleton (D:6)
  14 killer bees
  2 howler monkeys (D:8)
  4 wights (D:10)
  11 electric eels
  2 bullfrog zombies
  7 centaur zombies
  A gnoll shaman (D:5)
  29 orc priests
  A bullfrog skeleton (D:6)
  A hound (D:4)
  Crazy Yiuf (D:4)
  2 centaur skeletons
  7 iguanas
  36 orc wizards
  Natasha (thrice) (D:3)
  6 hell rats (Lair:4)
  3 polar bear simulacra (Lair:4)
  A yak simulacrum (Lair:4)
  3 wolf simulacra (Lair:4)
  A hound skeleton (D:5)
  A howler monkey zombie (D:11)
  19 gnolls
  5 adders
  A white imp (D:5)
  2 worms
  5 dart slugs
  57 orcs
  11 endoplasms
  5 giant cockroaches
  7 goblins
  8 hobgoblins
  3 quokkas
  8 ball pythons
  8 bats
  5 frilled lizards
  29 kobolds
  8 rats
  4 river rat simulacra (Lair:4)
1058 creatures vanquished.

Vanquished Creatures (collateral kills)
  A starspawn tentacle (Abyss:2)
1 creature vanquished.

Vanquished Creatures (others)
  A shambling mangrove (Swamp:2)
  A swamp worm (Swamp:2)
  A small abomination (Abyss:2)
  14 foxfires
  23 fungi
  58 plants
  7 starspawn tentacles
105 creatures vanquished.

Grand Total: 1164 creatures vanquished

Notes
Turn   | Place    | Note
-------+----------+-------------------------------------------
     0 | D:1      | Spaninq the Draconian Gladiator began the quest for the
                  | Orb.
     0 | D:1      | Reached XP level 1. HP: 17/17 MP: 1/1
   133 | D:1      | Reached XP level 2. HP: 25/25 MP: 2/2
   282 | D:1      | Found a faded altar of an unknown god.
   652 | D:2      | Reached XP level 3. HP: 30/30 MP: 3/3
   840 | D:2      | Found a shimmering altar of Xom.
  1415 | D:3      | Reached skill level 3 in Fighting
  1415 | D:3      | Reached XP level 4. HP: 17/38 MP: 4/4
  1688 | D:3      | Noticed Natasha
  1693 | D:3      | Killed Natasha
  1790 | D:3      | Noticed Natasha
  1795 | D:3      | Killed Natasha
  1796 | D:3      | Reached XP level 5. HP: 43/45 MP: 5/5
  1985 | D:4      | Noticed a phantom
  1999 | D:3      | Killed a phantom
  2000 | D:3      | Reached skill level 5 in Staves
  2033 | D:3      | Noticed Natasha
  2041 | D:3      | Killed Natasha
  2042 | D:3      | Reached XP level 6. HP: 43/52 MP: 6/6
  2230 | D:4      | Reached skill level 4 in Fighting
  2409 | D:4      | Your scales start taking on a fiery red colour.
  2409 | D:4      | Reached XP level 7. HP: 53/60 MP: 7/7
  2409 | D:4      | Gained mutation: Your flesh is heat resistant. (rF+) [Red
                  | Draconian growth]
  2564 | D:4      | Noticed Menkaure
  2567 | D:4      | Killed Menkaure
  2701 | D:4      | Reached skill level 5 in Fighting
  2952 | D:4      | Found a staircase to the Ecumenical Temple.
  3063 | D:4      | Found a runed translucent door.
  3064 | D:4      | Noticed Crazy Yiuf
  3075 | D:4      | Killed Crazy Yiuf
  3146 | D:5      | Entered Level 5 of the Dungeon
  3296 | D:5      | Reached skill level 5 in Dodging
  3299 | D:5      | Reached XP level 8. HP: 48/69 MP: 8/8
  3329 | D:5      | Identified the +0 plate armour of the Devil's Advocate
                  | {+Blink rF+ rC- Regen+}
  3336 | D:5      | Found a white marble altar of Elyvilon.
  3456 | D:5      | Found a glowing drain.
  3478 | Sewer    | Entered a sewer
  3796 | Sewer    | Reached skill level 6 in Fighting
  3977 | Temple   | Entered the Ecumenical Temple
  4040 | Temple   | Became a worshipper of Ashenzari the Shackled
  4040 | Temple   | Identified a scroll of acquirement
  4048 | D:4      | Acquired the +12 arbalest "Unnir" {elec, +Blink rC++ Dex-3}
  4391 | D:5      | Reached skill level 1 in Crossbows
  4525 | D:5      | Found an opulent altar of Gozag.
  4583 | D:5      | Noticed a two-headed ogre
  4593 | D:5      | Killed a two-headed ogre
  4594 | D:5      | Reached XP level 9. HP: 78/78 MP: 9/9
  4853 | D:5      | Reached skill level 7 in Fighting
  5664 | D:6      | Noticed Blork the orc
  5669 | D:6      | Killed Blork the orc
  5693 | D:6      | Reached skill level 5 in Crossbows
  6301 | D:7      | Reached XP level 10. HP: 88/88 MP: 10/10
  6341 | D:7      | Found a stormy altar of Qazlal.
  6385 | D:7      | Reached * piety under Ashenzari
  6618 | D:7      | Noticed Harold
  6631 | D:7      | Killed Harold
  6632 | D:7      | Reached skill level 8 in Fighting
  7304 | D:8      | Reached ** piety under Ashenzari
  7410 | D:8      | Noticed Joseph
  7418 | D:8      | Killed Joseph
  7880 | D:9      | Noticed Maggie
  8049 | D:9      | Reached *** piety under Ashenzari
  8086 | D:9      | Found a shimmering blue altar of Sif Muna.
  8193 | D:9      | Reached skill level 10 in Staves
  8197 | D:9      | Reached skill level 9 in Fighting
  8200 | D:9      | Reached XP level 11. HP: 101/101 MP: 11/11
  8270 | D:9      | Found a staircase to the Lair.
  8444 | D:9      | Noticed a two-headed ogre
  8447 | D:9      | Killed a two-headed ogre
  8604 | D:9      | Killed Maggie
  8652 | Lair:1   | Entered Level 1 of the Lair of Beasts
  8737 | Lair:1   | Identified the +1 cloak "Oghugib" {Contam rC+ Str+4 Dex+2}
  9877 | Lair:1   | Reached skill level 10 in Fighting
 10588 | Lair:3   | Reached XP level 12. HP: 112/112 MP: 12/12
 10594 | Lair:3   | Acquired 879 gold pieces
 10616 | Lair:3   | Noticed a boulder beetle
 10623 | Lair:3   | Killed a boulder beetle
 10629 | Lair:3   | Noticed an eight-headed hydra
 10645 | Lair:3   | Killed a four-headed hydra
 10646 | Lair:3   | Reached skill level 10 in Crossbows
 11095 | Lair:3   | Found a staircase to the Swamp.
 11145 | Lair:3   | Noticed a seven-headed hydra
 11149 | Lair:3   | Killed a seven-headed hydra
 11263 | Lair:3   | Reached skill level 11 in Fighting
 11693 | Lair:3   | Reached **** piety under Ashenzari
 11727 | Lair:4   | Noticed a five-headed hydra
 12089 | Lair:4   | Killed a one-headed hydra
 12090 | Lair:4   | Reached skill level 10 in Dodging
 12090 | Lair:4   | Reached XP level 13. HP: 107/122 MP: 13/13
 12121 | Lair:4   | Found a dark tunnel.
 12143 | Volcano  | Entered a volcano
 12231 | Volcano  | Cast into level 2 of the Abyss (a wizard)
 12248 | Abyss:2  | Found a corrupted altar of Lugonu.
 12344 | Abyss:2  | Noticed a starcursed mass
 12389 | Abyss:2  | Found a corrupted altar of Lugonu.
 12415 | Abyss:2  | Noticed a revenant
 12492 | Abyss:2  | Noticed a tentacled starspawn
 12609 | Abyss:2  | Found a sacrificial altar of Ru.
 12622 | Abyss:2  | Found a viscous altar of Jiyva.
 12652 | Abyss:2  | Found a corrupted altar of Lugonu.
 12663 | Abyss:2  | Identified the cursed +2 cloak of Supernal Understanding
                  | {Bglg, Range} (You took it off Crazy Yiuf on level 4 of the
                  | Dungeon)
 12663 | Abyss:2  | Identified the cursed +2 hat "Ensconced Disgust" {Range,
                  | Melee}
 12663 | Abyss:2  | Identified the cursed +0 pair of gloves "Ennui of
                  | Ashenzari" {Self, Alch} (You found it on level 2 of the
                  | Dungeon)
 12663 | Abyss:2  | Identified the cursed +0 pair of boots "Sorrow of
                  | Ashenzari" {Melee, Cun} (You found it on level 3 of the
                  | Dungeon)
 12663 | Abyss:2  | Identified the cursed ring of Ashenzari's Mistrust {Slay+4,
                  | Range, Evo} (You found it on level 3 of the Dungeon)
 12667 | Abyss:2  | Found a corrupted altar of Lugonu.
 12670 | Abyss:2  | Noticed a daeva
 12949 | Abyss:2  | Noticed a purple draconian
 12956 | Abyss:2  | Noticed a starcursed mass
 13008 | Abyss:2  | Noticed a starcursed mass
 13185 | Abyss:2  | Noticed a tentacled starspawn
 13197 | Abyss:2  | Killed a tentacled starspawn
 13232 | Volcano  | Escaped the Abyss
 13442 | Volcano  | Cast into level 2 of the Abyss (a wizard)
 13467 | Volcano  | Escaped the Abyss
 13490 | Volcano  | Cast into level 2 of the Abyss (a wizard)
 13539 | Abyss:2  | Reached skill level 12 in Fighting
 13656 | Abyss:2  | Gained mutation: Your magical capacity is low. (-10% MP) [a
                  | neqoxec]
 13790 | Abyss:2  | Gained mutation: You tend to lose your temper in combat. [a
                  | neqoxec]
 13791 | Abyss:2  | Gained mutation: You are frail. (-10% HP) [a neqoxec]
 13792 | Volcano  | Escaped the Abyss
 13901 | Volcano  | Lost mutation: You are frail. (-10% HP) [potion of
                  | mutation]
 13901 | Volcano  | Lost mutation: Your magical capacity is low. (-10% MP)
                  | [potion of mutation]
 13901 | Volcano  | Lost mutation: You tend to lose your temper in combat.
                  | [potion of mutation]
 13901 | Volcano  | Gained mutation: You are clumsy. (Dex -2) [potion of
                  | mutation]
 13901 | Volcano  | Gained mutation: You passively map a small area around you.
                  | [potion of mutation]
 14283 | Lair:4   | Found a staircase to the Snake Pit.
 14311 | Lair:4   | Noticed Nergalle
 14322 | Lair:4   | Killed Nergalle
 14702 | Lair:5   | Found the +27 Lear's hauberk
 14840 | Lair:5   | Reached XP level 14. HP: 133/133 MP: 14/14
 14910 | Lair:5   | Reached skill level 1 in Evocations
 14992 | Lair:5   | Identified the +5 dagger "Umuemimumn" {drain, rCorr Int+5}
 15460 | Lair:6   | Entered Level 6 of the Lair of Beasts
 15618 | Lair:6   | Found a staircase to the Slime Pits.
 15924 | Lair:6   | Reached skill level 13 in Fighting
 16003 | Lair:6   | Reached skill level 1 in Stealth
 16634 | D:10     | Entered Level 10 of the Dungeon
 16634 | D:10     | Noticed Gastronok
 16640 | D:10     | Killed Gastronok
 16677 | D:10     | Found a hazy altar of Hepliaklqana.
 16888 | D:10     | Identified the +2 scale mail of the Hidden Vale {rPois
                  | rN+++ Dex-5}
 16914 | D:10     | Noticed Psyche
 16922 | D:10     | Killed Psyche
 17057 | D:10     | Found a runed translucent door.
 17076 | D:10     | Noticed RandomusNamus's ghost (novice TrBe)
 17078 | D:10     | Identified the +9 trident of a Billion Thickets {vorpal,
                  | rC+ Stlth+}
 17153 | D:10     | Acquired the +3 cloak "Dim Leb" {rPois Dex+4}
 17231 | D:10     | Found a staircase to the Orcish Mines.
 17419 | D:11     | Reached XP level 15. HP: 136/136 MP: 15/15
 18000 | D:11     | Identified the +8 war axe "Hufriuc" {vorpal, rElec Int+4}
 18089 | D:11     | Reached skill level 5 in Evocations
 19639 | D:13     | Noticed Frances
 19656 | D:13     | Killed Frances
 20000 | D:14     | Identified Sif Muna's Volume of the Hurtful Entourage
 20451 | D:14     | Identified the +0 plate armour of the Bells {rC+}
 20470 | D:14     | Found a gate to the Vaults.
 20931 | Orc:1    | Entered Level 1 of the Orcish Mines
 21330 | Orc:2    | Entered Level 2 of the Orcish Mines
 21373 | Orc:2    | Reached skill level 5 in Stealth
 21393 | Orc:2    | Found Xisiver's Distillery.
 21413 | Orc:2    | Bought a potion of mutation for 96 gold pieces
 21413 | Orc:2    | Bought a potion of curing for 36 gold pieces
 21413 | Orc:2    | Bought a potion of mutation for 96 gold pieces
 21413 | Orc:2    | Bought a potion of mutation for 96 gold pieces
 21413 | Orc:2    | Bought a potion of curing for 36 gold pieces
 21413 | Orc:2    | Bought a potion of heal wounds for 60 gold pieces
 21597 | Orc:2    | Found a runed translucent gate.
 21597 | Orc:2    | Found a runed translucent gate.
 21598 | Orc:2    | Found a runed translucent gate.
 21598 | Orc:2    | Noticed an orc warlord
 21599 | Orc:2    | Noticed dolemite99's ghost (journeyman DsBe)
 21600 | Orc:2    | Found an iron altar of Okawaru.
 21611 | Orc:2    | Found a staircase to the Elven Halls.
 21874 | Orc:2    | Found Naneoz's Magic Scroll Shoppe.
 21874 | Orc:2    | Found Ytekhimo's Magic Scroll Emporium.
 21876 | Orc:2    | Found Piwkuz's Distillery.
 21890 | Orc:2    | Reached skill level 14 in Fighting
 21894 | Orc:2    | Found Qijyi's Distillery.
 21907 | Orc:2    | Bought a scroll of blinking for 97 gold pieces
 21907 | Orc:2    | Bought a scroll of enchant weapon for 97 gold pieces
 21907 | Orc:2    | Bought a scroll of enchant weapon for 97 gold pieces
 21908 | Orc:2    | Bought a scroll of blinking for 120 gold pieces
 21909 | Orc:2    | Bought a potion of heal wounds for 70 gold pieces
 21909 | Orc:2    | Bought a potion of heal wounds for 70 gold pieces
 21909 | Orc:2    | Bought a potion of curing for 42 gold pieces
 21909 | Orc:2    | Bought 2 potions of curing for 84 gold pieces
 21910 | Orc:2    | Bought a potion of mutation for 120 gold pieces
 21910 | Orc:2    | Bought a potion of haste for 150 gold pieces
 21910 | Orc:2    | Bought a potion of curing for 45 gold pieces
 22603 | Swamp:1  | Entered Level 1 of the Swamp
 22636 | Swamp:1  | Noticed a fenstrider witch
 22640 | Swamp:1  | Killed a fenstrider witch
 22973 | Swamp:1  | Reached XP level 16. HP: 155/155 MP: 16/16
 23319 | Swamp:2  | Noticed Nikola
 23332 | Swamp:2  | Killed Nikola
 23615 | Swamp:2  | Identified the +1 robe of Precision Catastrophes {Int+2}
 23733 | Swamp:2  | Noticed Kirke
 23742 | Swamp:2  | Killed Kirke
 24324 | Swamp:3  | Found the +11 plutonium sword {Contam Stlth-}
 24743 | Swamp:4  | Entered Level 4 of the Swamp
 24747 | Swamp:4  | Noticed a thorn hunter
 24755 | Swamp:4  | Killed a thorn hunter
 25033 | Swamp:4  | Noticed a thorn hunter
 25090 | Swamp:4  | Killed a thorn hunter
 25170 | Swamp:4  | Acquired a manual of Stealth
 25172 | Swamp:4  | Acquired 587 gold pieces
 25177 | Swamp:4  | Got a decaying rune of Zot
 25246 | Swamp:4  | Reached XP level 17. HP: 105/163 MP: 17/17
 25665 | Swamp:4  | Noticed Mlioglotl
 25675 | Swamp:4  | Killed Mlioglotl
 25694 | Swamp:4  | Noticed a tentacled monstrosity
 25701 | Swamp:4  | Killed a tentacled monstrosity
 25719 | Swamp:4  | Reached skill level 15 in Fighting
 25756 | Swamp:4  | Noticed Donald
 25858 | Swamp:4  | Killed Donald
 25925 | Swamp:4  | Identified Roxanne's Incunabulum of Clay
 25925 | Swamp:4  | Noticed Roxanne
 25932 | Swamp:4  | Killed Roxanne
 26262 | Snake:1  | Entered Level 1 of the Snake Pit
 26281 | Snake:1  | Found Rinkih's Armour Boutique.
 26369 | Snake:1  | Noticed Agnes
 26377 | Snake:1  | Killed Agnes
 26468 | Snake:1  | Noticed Louise
 26472 | Snake:1  | Killed Louise
 26508 | Snake:1  | Noticed Rupert
 26513 | Snake:1  | Killed Rupert
 26755 | Snake:1  | Reached skill level 15 in Crossbows
 27661 | Snake:2  | Noticed Vashnia
 27724 | Snake:2  | Killed Vashnia
 27846 | Snake:2  | Noticed Jorgrun
 27849 | Snake:2  | Killed Jorgrun
 28201 | Snake:2  | Noticed Aizul
 28216 | Snake:2  | Killed Aizul
 28217 | Snake:2  | Reached skill level 10 in Stealth
 28477 | Snake:2  | Found Zudgho's Jewellery Shoppe.
 28477 | Snake:2  | Found Tupnilez's Book Shop.
 28478 | Snake:2  | Found Zoamoskoekk's Jewellery Shoppe.
 28494 | Snake:2  | Bought the ring of the Priest {rC+ rCorr EV+4} for 834 gold
                  | pieces
 28498 | Snake:2  | Bought the amulet "Juppen" {Fly rN+ Regen+} for 519 gold
                  | pieces
 28845 | Snake:3  | Reached skill level 15 in Staves
 29000 | Snake:3  | Reached XP level 18. HP: 104/172 MP: 18/18
 29045 | Snake:3  | Reached skill level 10 in Evocations
 30047 | Snake:4  | Entered Level 4 of the Snake Pit
 30321 | Snake:4  | Found Sintoys's Armour Emporium.
 30341 | Snake:4  | Bought a +0 pair of boots for 81 gold pieces
 30549 | Snake:4  | Reached skill level 16 in Fighting
 31431 | Snake:4  | Got a serpentine rune of Zot
 31791 | Vaults:1 | Entered Level 1 of the Vaults
 32181 | Vaults:1 | Found Qazoh's Jewellery Boutique.
 32580 | Vaults:1 | HP: 3/173 [ironbound preserver (12)]
 32580 | Vaults:1 | Slain by a purple ugly thing

Illustrated notes

Levels and vault maps discovered:
D:1:      shiori_arrival_elements, layout_basic,
          hellmonk_ecumenical_altar_slurped_away, minmay_fountain_box
D:2:      kennysheep_six_static_rooms, layout_rooms, basic_altar
D:3:      layout_rooms, uniq_natasha
D:4:      layout_cave_pools, minmay_temple_entry_poolview, uniq_menkaure,
          uniq_crazy_yiuf_cottage
D:5:      layout_basic, mainiacjoe_overflow_24_doors, elyvilon_altar_3,
          portal_sewer_entry_d, minmay_between
D:6:      layout_loops_ring, serial_bayou_lagoon_a, uniq_blork_the_orc
D:7:      layout_loops_ring, grunt_qazlal_sundering,
          nicolae_overflow_hidden_temple, uniq_harold
D:8:      layout_basic, uniq_joseph
D:9:      layout_basic, lemuel_doored_altar, lair_entry_dummy, uniq_maggie
D:10:     minmay_evil_eye, layout_rooms, worldfamousw_hep_ancestral_shrine,
          orc_0_dummy, ebering_ghost_funeral_grove, uniq_gastronok, uniq_psyche
D:11:     layout_layer_cave
D:12:     layout_basic
D:13:     layout_loops_ring, uniq_frances
D:14:     layout_roguey, ximxim_vaults_locker_room,
          chequers_serial_rivers_room_b, minmay_fractal_squares_diagonal_5
Temple:   nicolae_temple_x_marks_the_god
Lair:1:   layout_layer_cave, minmay_stone_trees_small, lemuel_fruit_fields
Lair:2:   layout_loops_ring, nicolae_quartered_pool_super
Lair:3:   layout_regular_city, nicolae_swamp_entry_splash_gauntlet,
          minmay_lair_oklob_chamber, infiniplex_staircase_pool_2
Lair:4:   layout_gridlike, guppyfry_snake_entry_garden, enter_volcano_3,
          eino_house_with_fridge, uniq_nergalle
Lair:5:   layout_gridlike, beast_lair_carwin_10, grunt_megastairs_3
Lair:6:   evilmike_catoblepas_cave, layout_big_grid, slime_dummy
Swamp:1:  layout_basic_swamp, evilmike_swamp_ruin_house_2
Swamp:2:  layout_basic_swamp, nicolae_swamp_little_swirl, uniq_kirke,
          uniq_nikola
Swamp:3:  layout_falls_marsh, evilmike_swamp_ruin_house_1, swamp_pool2,
          grunt_lady_of_the_lake, infiniplex_staircase_pool
Swamp:4:  swamp, layout_basic_swamp, nicolae_swamp_bean_lake, uniq_mlioglotl,
          uniq_donald, uniq_roxanne
Snake:1:  layout_layer_cave, serial_shops,
          nicolae_shop_temple_entry_statues_fountains, uniq_agnes, uniq_louise,
          uniq_rupert
Snake:2:  layout_chambers, minmay_shop_grove, serial_bayou_shore_b,
          uniq_vashnia, uniq_jorgrun, uniq_aizul
Snake:3:  layout_honeycomb, st_stairs_14, serial_bayou_shore_a
Snake:4:  grunt_snake_rune_pools, layout_misc_corridors, serial_shops,
          nicolae_diamond_shop
Orc:1:    layout_diamond_mine
Orc:2:    st_orc_mages, layout_caves, gammafunk_ghost_fury_of_okawaru,
          serial_shops, shop_coins, minmay_orc_keep
Vaults:1: st_cross, nicolae_vaults_alarming, nicolae_vaults_circle_grid_a,
          ontoclasm_vaults_pinch, v_misc_5, nicolae_vaults_rhombus_5,
          hangedman_vaults_maws, nicolae_vaults_asterisk, grunt_vaults_funnel,
          nicolae_vaults_three_branches, hangedman_vaults_impose,
          v_alt_pattern_2, nicolae_vaults_specimen_jars, vaults_mumra_lcd,
          layout_vaults_omnibox, serial_shops, shop

Skill      XL: |  1  2  3  4  5  6  7  8  9 10 11 12 13 14 15 16 17 18 |
---------------+-------------------------------------------------------+-----
Dodging        | 3 4 5 6 7 8 10 11 12 13 14 | 14.2
Staves         | 4 5 6 7 8 9 10 11 12 13 14 15 | 15.6
Fighting       | 3 4 5 6 7 9 10 11 12 13 14 15 16 | 16.3
Crossbows      | 3 5 7 9 11 12 13 14 15 | 15.7
Evocations     | 4 6 8 9 11 | 11.0
Stealth        | 3 5 7 10 12 | 12.2
Throwing       | |  1.7

Action                   |  1- 3 |  4- 6 |  7- 9 | 10-12 | 13-15 | 16-18 || total
-------------------------+-------+-------+-------+-------+-------+-------++-------
Melee: Quarterstaff      |   137 |    83 |   239 |   366 |   444 |     1 ||  1270
       Tailslap          |    13 |    12 |    30 |    56 |    80 |    79 ||   270
       Halberd           |       |       |       |     9 |    10 |    29 ||    48
       Unarmed           |       |       |       |       |     7 |       ||     7
       Lajatang          |       |       |       |       |       |   343 ||   343
 Fire: Arbalest          |       |       |     4 |   109 |   549 |   618 ||  1280
Throw: Javelin           |     3 |       |       |       |       |       ||     3
       Boomerang         |       |       |       |       |     5 |       ||     5
Invok: Curse Item        |       |       |       |     6 |     2 |       ||     8
       Shatter the Chain |       |       |       |       |     2 |     1 ||     3
 Abil: Breathe Fire      |       |       |    20 |    28 |    10 |       ||    58
Evoke: Wand              |       |       |       |     1 |    20 |    20 ||    41
  Use: Scroll            |       |       |     2 |     3 |    14 |    16 ||    35
       Potion            |       |       |       |       |     8 |     3 ||    11
 Stab: Sleeping          |       |       |     1 |     1 |       |     1 ||     3
       Paralysed         |       |       |       |       |     6 |       ||     6
Armor: Skin              |    47 |    20 |    78 |   110 |   191 |   185 ||   631
Dodge: Dodged            |    97 |    47 |   148 |   233 |   323 |   407 ||  1255

Table legend: (Time is in decaauts)
 A = Elapsed time spent in this place.
 B = Non-inter-level travel time spent in this place.
 C = Inter-level travel time spent in this place.
 D = Time resting spent in this place.
 E = Time spent auto-exploring this place.
 F = Levels seen in this place.
 G = Mean time per level.
                   A        B        C        D        E       F      G
               +--------+--------+--------+--------+--------+-----+--------+
         Total |  32437 |  30253 |   2184 |   1985 |  17499 |  37 |  876.7 |
       Dungeon |  12831 |  11712 |   1119 |    458 |   7883 |  14 |  916.5 |
        Temple |     69 |     64 |      5 |      0 |     46 |   1 |   69.0 |
          Lair |   5972 |   5440 |    532 |    179 |   3575 |   6 |  995.3 |
         Swamp |   3771 |   3587 |    184 |    492 |   1521 |   4 |  942.8 |
     Snake Pit |   5229 |   4975 |    254 |    372 |   3046 |   4 | 1307.2 |
  Orcish Mines |   1526 |   1439 |     87 |      0 |    928 |   2 |  763.0 |
        Vaults |    740 |    740 |      0 |    208 |    214 |   1 |  740.0 |
         Abyss |   1226 |   1226 |      0 |     96 |      0 |   3 |  408.7 |
         Sewer |    448 |    448 |      0 |      0 |    285 |   1 |  448.0 |
       Volcano |    621 |    621 |      0 |    180 |      0 |   1 |  621.0 |
               +--------+--------+--------+--------+--------+-----+--------+

Top non-repeatable levels by time:
 Snake:4: 1439 daAuts
 Swamp:3: 1436 daAuts
 Snake:2: 1395 daAuts
  Lair:3: 1376 daAuts
     D:5: 1249 daAuts
 Snake:3: 1248 daAuts
     D:6: 1244 daAuts
 Abyss:2: 1226 daAuts
  Lair:1: 1179 daAuts
 Snake:1: 1146 daAuts
     D:4: 1140 daAuts
    D:12: 1119 daAuts
   Orc:2: 1096 daAuts
  Lair:6: 1022 daAuts
 Swamp:4: 964 daAuts
